 Dungeon Crawl Stone Soup version 0.23.2-33-g5129a83184 (webtiles) character file.

Game seed: 9317853857943439244

129 troglodite the Fighter (level 5, -8/76 HPs)
             Began as a Gnoll Wanderer on July 17, 2019.
             Was an Initiate of Qazlal.
             Killed by divine providence
             ... invoked by an orc priest
              (12 damage)
             ... on level 3 of the Dungeon.
             The game lasted 00:05:09 (2229 turns).

troglodite the Fighter (Gnoll Wanderer)             Turns: 2229, Time: 00:05:09

Health: -8/76      AC: 22    Str: 13    XL:     5   Next: 12%
Magic:  7/7        EV:  2    Int: 18    God:    Qazlal [......]
Gold:   53         SH:  0    Dex: 13    Spells: 6/6 levels left

rFire    . . .     SeeInvis .   i - -1 mace (curse)
rCold    . . .     Gourm    .   (no shield)
rNeg     + + +     Faith    .   (armour currently unavailable)
rPois    +         Spirit   .   (helmet currently unavailable)
rElec    .         Reflect  .   (cloak currently unavailable)
rCorr    .         Harm     .   (gloves currently unavailable)
MR       .....     NoTele   +   (boots currently unavailable)
Stlth    ++........             (no amulet)
HPRegen  0.22/turn              (no ring)
MPRegen  0.10/turn              (no ring)

@: tree-form
A: distributed training, strong nose
a: Renounce Religion


You were on level 3 of the Dungeon.
You worshipped Qazlal.
Qazlal was noncommittal.
You were very hungry.
You were a tree.
You visited 1 branch of the dungeon, and saw 3 of its levels.

You collected 53 gold pieces.

Inventory:

Hand Weapons
 a - a +2 mace
 i - a cursed -1 mace (weapon)
Armour
 e - a +0 chain mail (melded)
 t - a +0 helmet (melded)
Wands
 c - a wand of random effects (15)
Scrolls
 d - a scroll of fog {unknown}
 g - a scroll of fear {unknown}
 h - a scroll of blinking {unknown}
 k - a scroll of remove curse {unknown}
 l - 2 scrolls of enchant weapon {unknown}
 o - 3 scrolls of identify {unknown}
 p - a scroll of magic mapping {unknown}
 s - a scroll of amnesia {unknown}
Potions
 b - 2 potions of lignification
 j - a potion of curing {unknown}
 n - a potion of might {unknown}
 q - a potion of heal wounds {unknown}
 r - a potion of mutation {unknown}
Comestibles
 f - 8 rations
 m - 2 chunks of flesh


   Skills:
 + Level 8.6 Fighting
 + Level 1.3 Short Blades
 + Level 1.3 Long Blades
 + Level 1.3 Axes
 + Level 2.9 Maces & Flails
 + Level 1.3 Polearms
 + Level 1.3 Staves
 + Level 1.3 Slings
 + Level 1.3 Bows
 + Level 1.3 Crossbows
 + Level 1.3 Throwing
 + Level 6.6 Armour
 + Level 1.3 Dodging
 + Level 1.3 Stealth
 + Level 2.9 Shields
 + Level 1.3 Unarmed Combat
 + Level 1.3 Spellcasting
 + Level 1.1 Conjurations
 + Level 1.1 Hexes
 + Level 1.1 Charms
 + Level 1.1 Summonings
 + Level 1.1 Necromancy
 + Level 1.1 Translocations
 + Level 1.1 Transmutations
 + Level 1.1 Fire Magic
 + Level 1.1 Ice Magic
 + Level 1.1 Air Magic
 + Level 1.1 Earth Magic
 + Level 1.1 Poison Magic
 + Level 1.5 Invocations
 + Level 2.9 Evocations


You had 6 spell levels left.
You didn't know any spells.
Your spell library was empty.

Dungeon Overview and Level Annotations

Branches:
Dungeon (3/15)

Altars:
Qazlal
Zin


Innate Abilities, Weirdness & Mutations

Your experience applies equally to all skills.
((You have very sharp teeth.))
Your uncanny sense of smell can sniff out nearby items.


Message History

You hit the orc priest but do no damage.
The orc priest is severely wounded.
The orc hits you but does no damage. x2
The orc priest hits you but does no damage.
The orc hits you with a +0 club.
* * * LOW HITPOINT WARNING * * *
Unknown command.
You closely miss the orc priest.
The orc priest is severely wounded.
The orc hits you but does no damage.
The orc priest casts a cantrip, but nothing happens.
The orc hits you with a +0 club.
* * * LOW HITPOINT WARNING * * *
Unknown command.
You hit the orc priest.
The orc priest is almost dead.
The orc hits you but does no damage.
The orc priest invokes the aid of Beogh against you.
Beogh smites you!
You die...

.. #.#^# # #.
##.#.#
#.##.##....#
..........#
...#..>#
#.##.######
#.<.÷.....##
###...#..8.###
#....###♣o...#
#.##.# #oo8..#
...
#.#_'.)...#
...
#.#.#).8..#
..##
#.###.....# ..
#.. ..8...#
...#.##
####..# .##


You could see an orc priest and 2 orcs.

Vanquished Creatures
  Jessica (D:2)
  An adder (D:2)
  4 gnolls (D:2)
  A dart slug (D:1)
  2 leopard geckos (D:1)
  2 orcs (D:3)
  2 ball pythons (D:1)
  A giant cockroach (D:2)
  8 goblins
  9 hobgoblins
  6 kobolds (D:1)
  A quokka (D:2)
  7 bats
  3 frilled lizards
  A rat (D:2)
49 creatures vanquished.

Notes
Turn   | Place    | Note
-------+----------+-------------------------------------------
     0 | D:1      | troglodite the Gnoll Wanderer began the quest for the Orb.
     0 | D:1      | troglodite set off with the following items: a +2 mace, a
                  | potion of lignification, a wand of random effects (15), a
                  | +0 robe, a ration
     0 | D:1      | Reached XP level 1. HP: 26/26 MP: 2/2
    70 | D:1      | Reached XP level 2. HP: 30/33 MP: 3/3
   407 | D:1      | Reached XP level 3. HP: 38/38 MP: 4/4
   904 | D:2      | Reached skill level 1 in Invocations
   908 | D:2      | Reached skill level 1 in Short Blades
   908 | D:2      | Reached skill level 1 in Long Blades
   908 | D:2      | Reached skill level 1 in Axes
   908 | D:2      | Reached skill level 1 in Polearms
   908 | D:2      | Reached skill level 1 in Staves
   908 | D:2      | Reached skill level 1 in Slings
   908 | D:2      | Reached skill level 1 in Bows
   908 | D:2      | Reached skill level 1 in Crossbows
   908 | D:2      | Reached skill level 1 in Throwing
   908 | D:2      | Reached skill level 1 in Dodging
   908 | D:2      | Reached skill level 1 in Stealth
   908 | D:2      | Reached skill level 1 in Unarmed Combat
   908 | D:2      | Reached skill level 1 in Spellcasting
   917 | D:2      | Reached XP level 4. HP: 9/45 MP: 6/6
  1079 | D:2      | Found a stormy altar of Qazlal.
  1381 | D:2      | Noticed Jessica
  1385 | D:2      | Killed Jessica
  1385 | D:2      | Reached skill level 1 in Conjurations
  1385 | D:2      | Reached skill level 1 in Hexes
  1385 | D:2      | Reached skill level 1 in Charms
  1385 | D:2      | Reached skill level 1 in Summonings
  1385 | D:2      | Reached skill level 1 in Necromancy
  1385 | D:2      | Reached skill level 1 in Translocations
  1385 | D:2      | Reached skill level 1 in Transmutations
  1385 | D:2      | Reached skill level 1 in Fire Magic
  1385 | D:2      | Reached skill level 1 in Ice Magic
  1385 | D:2      | Reached skill level 1 in Air Magic
  1385 | D:2      | Reached skill level 1 in Earth Magic
  1385 | D:2      | Reached skill level 1 in Poison Magic
  1385 | D:2      | Reached XP level 5. HP: 51/51 MP: 7/7
  1914 | D:2      | Became a worshipper of Qazlal Stormbringer
  2209 | D:3      | Found a glowing silver altar of Zin.
  2229 | D:3      | Killed from afar by an orc priest

Skill      XL: |  1  2  3  4 |
---------------+-------------+-----
Invocations    | 1 |  1.5
Short Blades   | 1 |  1.3
Long Blades    | 1 |  1.3
Axes           | 1 |  1.3
Polearms       | 1 |  1.3
Staves         | 1 |  1.3
Slings         | 1 |  1.3
Bows           | 1 |  1.3
Crossbows      | 1 |  1.3
Throwing       | 1 |  1.3
Dodging        | 1 |  1.3
Stealth        | 1 |  1.3
Unarmed Combat | 1 |  1.3
Spellcasting   | 1 |  1.3
Conjurations   | 1 |  1.1
Hexes          | 1 |  1.1
Charms         | 1 |  1.1
Summonings     | 1 |  1.1
Necromancy     | 1 |  1.1
Translocations | 1 |  1.1
Transmutations | 1 |  1.1
Fire Magic     | 1 |  1.1
Ice Magic      | 1 |  1.1
Air Magic      | 1 |  1.1
Earth Magic    | 1 |  1.1
Poison Magic   | 1 |  1.1
Fighting       | |  8.6
Maces & Flails | |  2.9
Armour         | |  6.6
Shields        | |  2.9
Evocations     | |  2.9

Action                   |  1- 3 |  4- 6 || total
-------------------------+-------+-------++-------
Melee: Mace              |    95 |    87 ||   182
       Bite              |    12 |     6 ||    18
  Use: Potion            |       |     1 ||     1
  Eat: Chunk             |       |     3 ||     3
Armor: Chain mail        |    68 |    70 ||   138
       Skin              |       |    16 ||    16
Dodge: Dodged            |    36 |    38 ||    74
